 Dungeon Crawl Stone Soup version 0.29-a0-322-g68df515428 (webtiles) character file.

Game seed: 15370414801968857515

113 experimilk the Cudgeller (level 4, 0/35 HPs)
             Began as a Palentonga Warper on Apr 5, 2022.
             Slain by a phantom (4 damage)
             ... on level 4 of the Dungeon.
             The game lasted 00:12:27 (5603 turns).

experimilk the Cudgeller (Palentonga Warper)        Turns: 5603, Time: 00:12:28

Health: 0/35       AC:  5    Str: 12 (14) XL:     4   Next: 65%
Magic:  7/7        EV:  9    Int: 15      God:
Gold:   196        SH:  0    Dex:  9 (10) Spells: 2/7 levels left

rFire   . . .      SeeInvis +   n - +0 flail
rCold   . . .      Faith    .   (no shield)
rNeg    . . .      Spirit   .   b - +0 leather armour
rPois   .          Reflect  .   (no helmet)
rElec   .          Harm     .   (no cloak)
rCorr   .          Rampage  .   m - +0 pair of gloves
Will    .....                   (no barding)
Stlth   +.........              (no amulet)
HPRegen 0.11/turn               (no ring)
MPRegen 0.10/turn               (no ring)

@: no status effects
A: large, rugged brown scales 3, see invisible, deformed body, roll 1, armoured
tail
a: Rolling Charge


You were on level 4 of the Dungeon.
You visited 1 branch of the dungeon, and saw 4 of its levels.

You collected 196 gold pieces.

Inventory:

Hand Weapons
 n - a +0 flail (weapon)
Missiles
 g - 5 poisoned darts (quivered)
Armour
 b - a +0 leather armour (worn)
 m - a +0 pair of gloves (worn)
Jewellery
 p - a +4 ring of evasion
Wands
 l - a wand of flame (3)
 o - a wand of mindburst (10)
Scrolls
 a - a scroll of magic mapping
 f - 6 scrolls of immolation
 h - a scroll of amnesia {unknown}
 j - 2 scrolls of identify
 q - 3 scrolls of enchant weapon {unknown}
Potions
 c - a potion of heal wounds {unknown}
 e - a potion of curing


   Skills:
 - Level 2.0 Fighting
 * Level 4.2 Maces & Flails
 - Level 0.6 Throwing
 - Level 0.7 Armour
 - Level 1.5 Dodging
 - Level 2.0 Spellcasting
 + Level 3.9 Translocations


You had 2 spell levels left.
You knew the following spells:

 Your Spells              Type           Power      Damage    Failure   Level
a - Blink                 Tloc           26%        N/A       9%          2
b - Gell's Gravitas       Tloc           13%        N/A       17%         3

Your spell library contained the following spells:

 Spells                   Type           Power      Damage    Failure   Level
 Lesser Beckoning         Tloc           13%        N/A       17%         3
 Teleport Other           Tloc           13%        N/A       17%         3
 Manifold Assault         Tloc           13%        N/A       83%         5
 Fireball                 Conj/Fire      0%         3d3       100%        5
 Iskenderun's Battlesphe  Conj           1%         2d6       100%        5
 Conjure Ball Lightning   Conj/Air       0%         3x3d6     100%        6
 Orb of Destruction       Conj           0%         9d5       100%        7


Dungeon Overview and Level Annotations

Branches:
Dungeon (4/15)
 Temple: D:4-7

Altars:
Lugonu

Portals:
Abyss: D:3

Annotations:
D:3 1 runed translucent door, Crazy Yiuf


Innate Abilities, Weirdness & Mutations

You are completely covered in rugged brown scales. (AC +3, +7% HP)
You have supernaturally acute eyesight. (SInv)
Armour fits poorly on your strangely shaped body.
You can roll at nearby foes to attack.
You have a long armoured tail.


Message History

Throw: boomerang (disperse)
Press: ? - help, Q - select action, (/) - cycle Shift-Dir - straight line, f/p - phantom
Aim: a phantom (severely damaged, 41% to hit)
You throw a boomerang of dispersal.
The boomerang of dispersal hits the phantom.
The phantom blinks!
The phantom is severely damaged.
The ball python bites you but does no damage.
You barely miss the ball python.
The ball python bites you but does no damage.
You hit the ball python.
The ball python is moderately wounded.
The ball python barely misses you.
The ball python bites you but does no damage.
You closely miss the ball python.
Your tail-slap misses the ball python.
The ball python is moderately wounded.
The ball python bites you but does no damage.
You closely miss the ball python. You tail-slap the ball python.
You kill the ball python!
Throw: 7 darts (poison)
Press: ? - help, Q - select action, (/) - cycle Shift-Dir - straight line, f/p - phantom
Aim: a phantom (severely damaged, 41% to hit)
You throw a poisoned dart. The poisoned dart hits the phantom.
The phantom is severely damaged.
The phantom hits you.
* * * LOW HITPOINT WARNING * * *
Throw: 6 darts (poison)
Press: ? - help, Q - select action, (/) - cycle Shift-Dir - straight line, f/p - phantom
Aim: a phantom (severely damaged, 41% to hit)
You throw a poisoned dart.
The poisoned dart barely misses the phantom.
The phantom closely misses you.
You closely miss the phantom.
The phantom is severely damaged.
The phantom hits you.
* * * LOW HITPOINT WARNING * * *
You miss the phantom.
The phantom is severely damaged.
The phantom hits you.
You die...

###.#.##.#
#.........
#.##.#.#.#
#.##.#.#.#
...#.#.#
#.#.#.#
#######
#...#.#
#.....##
#...#.#
#@.#
#...#.#
##W###
#.#....
#...##
#†#....
###..#
#<#....
##.#
###.... #.
#.# ....>#
#.# ##.#
#####.#
..##
###..# #.#
... #...##
#..


You could see a phantom.

Vanquished Creatures
  3 adders
  A dart slug (D:3)
  5 worms
  2 orcs
  12 endoplasms
  A giant cockroach (D:3)
  3 goblins (D:3)
  2 hobgoblins
  8 jackals
  5 quokkas
  7 ball pythons
  6 bats
  A frilled lizard (D:3)
  7 kobolds
  3 rats
66 creatures vanquished.

Vanquished Creatures (others)
  A fungus (D:3)
  A lurking horror (D:3)
  5 toadstools (D:3)
7 creatures vanquished.

Grand Total: 73 creatures vanquished

Notes
Turn   | Place    | Note
-------+----------+-------------------------------------------
     0 | D:1      | experimilk the Palentonga Warper began the quest for the
                  | Orb.
     0 | D:1      | Reached XP level 1. HP: 17/17 MP: 3/3
   464 | D:1      | Reached XP level 2. HP: 13/23 MP: 5/5
  1079 | D:2      | Learned a level 2 spell: Blink
  1151 | D:2      | Reached skill level 3 in Maces & Flails
  1938 | D:2      | Reached XP level 3. HP: 28/28 MP: 6/6
  2837 | D:2      | Found a faded altar of an unknown god.
  3737 | D:2      | Learned a level 3 spell: Gell's Gravitas
  3802 | D:3      | Reached XP level 4. HP: 31/35 MP: 7/7
  4211 | D:3      | Reached skill level 4 in Maces & Flails
  4493 | D:3      | Found a one-way gate to the infinite horrors of the Abyss.
  4494 | D:3      | Found a corrupted altar of Lugonu.
  4711 | D:3      | Found a runed translucent door.
  4712 | D:3      | Noticed Crazy Yiuf
  5025 | D:4      | Noticed a scorpion
  5562 | D:4      | Noticed a phantom
  5603 | D:4      | Slain by a phantom

Illustrated notes

Levels and vault maps discovered:
D:1:      dpeg_arrival_rooms_a, layout_loops_ring
D:2:      layout_basic, hellmonk_ecumenical_altar_blasted
D:3:      layout_basic, minmay_gold_behind_fungi,
          amcnicky_altar_lugonu_corruption, uniq_crazy_yiuf_cottage
D:4:      cheibrodos_greedy_goblins, layout_basic,
          chequers_serial_rivers_micro_d

Skill      XL: |  1  2  3  4 |
---------------+-------------+-----
Maces & Flails | 3 4 |  4.2
Fighting       | |  2.0
Throwing       | |  0.6
Armour         | |  0.7
Dodging        | |  1.5
Spellcasting   | |  2.0
Translocations | |  3.9

Action                   |  1- 3 |  4- 6 || total
-------------------------+-------+-------++-------
Melee: Mace              |   147 |    27 ||   174
       Tailslap          |    15 |     7 ||    22
       Punch             |     1 |     1 ||     2
       Flail             |       |    50 ||    50
Throw: Boomerang         |     5 |     2 ||     7
       Dart              |       |     2 ||     2
 Cast: Blink             |     2 |     2 ||     4
 Abil: Rolling Charge    |    31 |    20 ||    51
Evoke: Wand              |       |     1 ||     1
  Use: Potion            |     2 |     1 ||     3
       Scroll            |     4 |     2 ||     6
Armor: Leather armour    |   115 |    30 ||   145
Dodge: Dodged            |   100 |    26 ||   126

Table legend: (Time is in decaauts)
 A = Elapsed time spent in this place.
 B = Non-inter-level travel time spent in this place.
 C = Inter-level travel time spent in this place.
 D = Time resting spent in this place.
 E = Time spent auto-exploring this place.
 F = Levels seen in this place.
 G = Mean time per level.
                   A        B        C        D        E       F      G
               +--------+--------+--------+--------+--------+-----+--------+
         Total |   5660 |   5546 |    114 |   2633 |   1516 |   4 | 1415.0 |
       Dungeon |   5660 |   5546 |    114 |   2633 |   1516 |   4 | 1415.0 |
               +--------+--------+--------+--------+--------+-----+--------+

Top non-repeatable levels by time:
     D:2: 2099 daAuts
     D:1: 1745 daAuts
     D:3: 1497 daAuts
     D:4: 318 daAuts
